 Dungeon Crawl Stone Soup version 0.24.0-5-g267a8d59f4 (webtiles) character file.

Game seed: 4547148452698103920, levelgen mode: deterministic

5556 MTVSty1e the Basher (level 10, -13/59 HPs)
             Began as a Gargoyle Monk on Nov 1, 2019.
             Was an Elder of Okawaru.
             Mangled by an orc warrior
             ... wielding a +0 glaive
              (16 damage)
             ... in a bailey.
             The game lasted 00:18:41 (10234 turns).

MTVSty1e the Basher (Gargoyle Monk)                Turns: 10234, Time: 00:18:42

Health: -13/59     AC: 21    Str: 19    XL:     10   Next: 71%
Magic:  13/13      EV: 23    Int: 10    God:    Okawaru [****..]
Gold:   448        SH:  0    Dex: 17    Spells: 9/9 levels left

rFire    . . .     SeeInvis .   B - +2 whip (freeze)
rCold    . . .     Gourm    .   (no shield)
rNeg     + . .     Faith    .   h - +1 chain mail
rPois    ∞         Spirit   .   (no helmet)
rElec    +         Reflect  .   d - +0 cloak
rCorr    .         Harm     .   o - +0 pair of gloves
MR       .....                  w - +0 pair of boots
Stlth    ..........             C - amulet of the acrobat
HPRegen  0.19/turn              n - +5 ring of dexterity
MPRegen  0.13/turn              (no ring)

@: acrobat, hasted, very quick
A: negative energy resistance 1, electricity resistance, unbreathing,
petrification resistance, rot immunity, AC +7
a: Heroism, Renounce Religion


You were in a bailey.
You worshipped Okawaru.
Okawaru was greatly pleased with you.
You were not hungry.

You visited 2 branches of the dungeon, and saw 11 of its levels.
You also visited: Sewer, Ossuary and Bailey.

You collected 448 gold pieces.

Inventory:

Hand Weapons
 a - a +1 mace
 f - a +0 flail of protection
 z - a +3 mace
 B - a +2 whip of freezing (weapon)
Armour
 d - a +0 cloak (worn)
 h - a +1 chain mail (worn)
 o - a +0 pair of gloves (worn)
 w - a +0 pair of boots (worn)
Jewellery
 n - a +5 ring of dexterity (left hand)
 C - an amulet of the acrobat (around neck)
Wands
 g - a wand of paralysis (8)
 y - a wand of flame (25)
Scrolls
 b - 2 scrolls of immolation
 q - 5 scrolls of enchant armour
 t - 5 scrolls of remove curse
 u - a scroll of amnesia
 v - 2 scrolls of enchant weapon
Potions
 i - a potion of berserk rage
 k - 2 potions of curing
 l - 3 potions of lignification
 m - 3 potions of haste
 p - 2 potions of might {unknown}
 r - 4 potions of mutation
 s - 3 potions of flight
 x - 2 potions of resistance {unknown}
 A - a potion of magic
Comestibles
 c - 8 rations


   Skills:
 + Level 5.4 Fighting
 * Level 13.8 Maces & Flails
 + Level 4.1 Armour
 - Level 2.4 Dodging
 - Level 2.1 Stealth
 + Level 4.1 Invocations


You had 9 spell levels left.
You didn't know any spells.
Your spell library contained the following spells:

 Spells                   Type           Power        Failure   Level  Hunger
 Animate Skeleton         Necr           N/A          99%         1    ##.....
 Apportation              Tloc           #.....       99%         1    ##.....
 Confusing Touch          Hex            #.....       99%         1    ##.....
 Sandblast                Erth           #.....       99%         1    ##.....
 Summon Small Mammal      Summ           #...         99%         1    ##.....
 Passwall                 Tmut/Erth      #.......     99%         2    ###....
 Stone Arrow              Conj/Erth      #.....       100%        3    ####...
 Petrify                  Tmut/Erth      #.......     100%        4    #####..
 Lee's Rapid Deconstruct  Erth           #.........   100%        5    ######.


Dungeon Overview and Level Annotations

Branches:
Dungeon (10/15)            Temple (1/1) D:5           Sewer (visited)
Ossuary (visited)          Bailey (1/1)
   Lair: D:8-11         Orc: D:9-12

Altars:
Dithmenos
Elyvilon
Fedhas
Gozag
Hepliaklqana
Kikubaaqudgha
Makhleb
Okawaru
Qazlal
Ru
Sif Muna
Trog
Uskayaw
Vehumet
Wu Jian
Xom
Yredelemnul
Zin
The Shining One

Annotations:
D:3 Natasha
D:5 2 transporters


Innate Abilities, Weirdness & Mutations

You are resistant to torment.
Your stone body is resilient. (AC +7)
You are immune to poison.
You resist negative energy. (rN+)
You are resistant to electric shocks. (rElec)
You can survive without breathing.
You are immune to petrification.
You are immune to rotting.


Message History

a +0 war axe; an orc skeleton
There is an open gate here.
There is an open gate here.
You open the huge gate. 2 orc warriors come into view.
The orc warrior shouts! x2; You hear a shout!
There is a huge open gate here.
Found 3 scrolls labeled NAQYG YDENWA and a scroll of enchant armour.
The orc warrior hits you from afar with a +0 halberd.
* * * LOW HITPOINT WARNING * * *
An orc warrior comes into view. It is wielding a +0 glaive.
The orc warrior shouts!
The orc warrior closely misses you.
Found three items.
Found a scroll labeled NAQYG YDENWA and 2 scrolls of enchant weapon.
An orc warrior comes into view. It is wielding a +0 glaive.
The orc warrior misses you.
Found a gate leading back out of this place.
The orc warrior hits you from afar with a +0 glaive!
You die...

####### ############
###.....###..........##
.#.......'............#
)'.......'.......???..#
.'.......'.......?o?.∩#
.'.......'.....o.???..#
.#.......'..oo........#
###.....###.....@....#
####### ############


You could see 4 orc warriors.

Vanquished Creatures
  A two-headed ogre (D:9)
  Pikel (D:7)
  Grinder (D:5)
  A steam dragon (D:7)
  4 sky beasts
  2 black bears
  2 ice beasts
  2 phantoms
  2 slaves (D:6)
  3 orc warriors (Bailey)
  2 ogres
  2 centaurs
  2 big kobolds (D:7)
  3 bullfrogs
  11 scorpions (Ossuary)
  3 wights (D:6)
  4 killer bees (D:8)
  3 howler monkeys
  3 centaur zombies
  4 crimson imps
  A bullfrog zombie (D:6)
  3 human zombies (Ossuary)
  A bullfrog skeleton (D:6)
  An orc priest (D:6)
  5 hounds
  2 jellies
  Ijyb (D:5)
  An iguana (D:4)
  Natasha (D:3)
  6 worker ants
  2 big kobold zombies (Ossuary)
  A hound skeleton (D:7)
  A hound zombie (D:5)
  3 mummies (Ossuary)
  A worker ant zombie (D:6)
  10 adders
  7 gnolls
  3 scorpion zombies (Ossuary)
  12 oozes
  4 adder skeletons
  2 adder zombies
  A worm (D:4)
  2 dart slugs
  19 leopard geckos
  43 orcs
  17 giant cockroaches
  2 gnoll zombies (Ossuary)
  8 hobgoblins
  2 jackals (D:1)
  18 kobolds
  3 quokkas
  6 ball pythons
  5 bats
  13 frilled lizards
  11 goblins
  3 goblin zombies (Ossuary)
  A hobgoblin zombie (Ossuary)
  A jackal skeleton (D:6)
  A kobold zombie (Ossuary)
  A leopard gecko skeleton (D:6)
  3 orc zombies (Ossuary)
  6 rats
290 creatures vanquished.

Notes
Turn   | Place    | Note
-------+----------+-------------------------------------------
     0 | D:1      | MTVSty1e the Gargoyle Monk began the quest for the Orb.
     0 | D:1      | Reached XP level 1. HP: 14/14 MP: 1/1
   226 | D:1      | Reached XP level 2. HP: 19/19 MP: 2/2
   831 | D:2      | Reached skill level 4 in Maces & Flails
   855 | D:2      | Reached XP level 3. HP: 16/23 MP: 3/3
  1690 | D:3      | Reached XP level 4. HP: 28/28 MP: 4/4
  1774 | D:3      | Reached skill level 5 in Maces & Flails
  1892 | D:3      | Found a burning altar of Makhleb.
  1945 | D:3      | Found a glowing drain.
  1967 | Sewer    | Entered a sewer
  2013 | Sewer    | Reached XP level 5. HP: 21/32 MP: 5/5
  2407 | Sewer    | Reached skill level 6 in Maces & Flails
  3035 | Sewer    | Reached XP level 6. HP: 33/37 MP: 6/6
  3112 | D:3      | Reached skill level 7 in Maces & Flails
  3179 | D:3      | Noticed Natasha
  3184 | D:3      | Killed Natasha
  3464 | D:3      | Noticed Natasha
  3579 | D:3      | Noticed a wyvern
  3823 | D:4      | Found a hide-covered altar of Uskayaw.
  3914 | D:4      | Reached XP level 7. HP: 34/41 MP: 7/7
  3985 | D:4      | Found a sand-covered staircase.
  4036 | Ossuary  | Entered an ossuary
  4059 | Ossuary  | Reached skill level 8 in Maces & Flails
  4454 | Ossuary  | Reached skill level 9 in Maces & Flails
  4643 | Ossuary  | Reached XP level 8. HP: 42/46 MP: 8/8
  4872 | Ossuary  | Reached skill level 10 in Maces & Flails
  5513 | D:5      | Entered Level 5 of the Dungeon
  5521 | D:5      | Found a glowing golden altar of the Shining One.
  5523 | D:5      | Found a stormy altar of Qazlal.
  5550 | D:5      | Noticed Grinder
  5569 | D:5      | Killed Grinder
  5571 | D:5      | Reached skill level 11 in Maces & Flails
  5862 | D:5      | Found a transporter.
  6023 | D:5      | Found a transporter.
  6050 | D:5      | Found a staircase to the Ecumenical Temple.
  6063 | Temple   | Entered the Ecumenical Temple
  6109 | Temple   | Became a worshipper of Warmaster Okawaru
  6109 | Temple   | Reached * piety under Okawaru
  6109 | Temple   | Reached ** piety under Okawaru
  6235 | D:5      | Reached XP level 9. HP: 51/51 MP: 9/9
  6277 | D:5      | Noticed Ijyb
  6296 | D:5      | Killed Ijyb
  7019 | D:6      | Reached skill level 12 in Maces & Flails
  7259 | D:6      | Found a glowing silver altar of Zin.
  7264 | D:6      | Noticed an angel
  7523 | D:6      | Found a white marble altar of Elyvilon.
  7563 | D:6      | Reached *** piety under Okawaru
  7716 | D:7      | Reached skill level 13 in Maces & Flails
  7716 | D:7      | Reached skill level 1 in Armour
  7716 | D:7      | Reached skill level 1 in Invocations
  7720 | D:7      | Noticed Pikel
  7912 | D:7      | Killed Pikel
  7912 | D:7      | Reached XP level 10. HP: 32/56 MP: 9/11
  8966 | D:7      | Found a bloodstained altar of Trog.
  8981 | D:7      | Reached **** piety under Okawaru
  9440 | D:8      | You fall into a shaft and drop 2 floors!
  9440 | D:10     | Entered Level 10 of the Dungeon
  9491 | D:9      | Noticed a two-headed ogre
  9497 | D:9      | Killed a two-headed ogre
  9497 | D:9      | Reached skill level 5 in Fighting
  9530 | D:9      | Found a flagged portal.
  9610 | Bailey   | Entered a bailey
 10117 | Bailey   | HP: 2/59 [orc warrior/+0 glaive (15)]
 10228 | Bailey   | HP: 2/59 [orc warrior/+0 halberd (6)]
 10234 | Bailey   | Mangled by an orc warrior

Levels and vault maps discovered:
D:1:      saegor_arrival_under_anarchy, layout_basic
D:2:      layout_loops_ring
D:3:      layout_loops_ring, lightli_temple_of_fire,
          cheibrodos_sewer_entry_sluice, st_stairs_3, lightli_corner_chamber,
          uniq_natasha
D:4:      layout_cave_pods, nicolae_overflow_crystal_walls, first_ration,
          nicolae_ossuary_entry_monument, serial_column_ruins,
          column_ruins_columns_straight, column_ruins_grid_2,
          column_ruins_grid_1, column_ruins_grid_3, column_ruins_corridor_T,
          column_ruins_open_small, minmay_misc_feat_room
D:5:      layout_layer_cave, gammafunk_temple_overflow_arena,
          minmay_temple_entry_statues_fountains, uniq_ijyb, uniq_grinder
D:6:      layout_basic, zin_angel, elyvilon_altar_3
D:7:      layout_layer_cave, trog_book, uniq_pikel
D:8:      layout_loops_ring, nemelex_xobeh_ov_fountains_minmay,
          david_lair_shrubbed, basic_altar, ebering_ghost_funeral_grove,
          uniq_maurice, uniq_prince_ribbit1, uniq_harold
D:9:      layout_loops_ring, enter_bailey_3
D:10:     layout_irregular_city, erik_orc_3, basic_altar,
          hangedman_little_slice_of_home
Temple:   regret_index_temple_waves
Bailey:   bailey_polearm_5, bailey

Skill      XL: |  1  2  3  4  5  6  7  8  9 10 |
---------------+-------------------------------+-----
Maces & Flails | 4 5 6 7 9 11 13 | 13.8
Armour         | 2 4 |  4.1
Invocations    | 2 4 |  4.1
Fighting       | 4 5 |  5.4
Dodging        | |  2.4
Stealth        | |  2.1

Action                   |  1- 3 |  4- 6 |  7- 9 | 10-12 || total
-------------------------+-------+-------+-------+-------++-------
Melee: Mace              |   131 |   421 |   119 |       ||   671
       Flail             |       |    63 |   518 |       ||   581
       Whip              |       |       |       |   316 ||   316
Invok: Heroism           |       |       |       |     4 ||     4
  Use: Scroll            |     4 |     3 |     1 |    10 ||    18
       Potion            |       |     1 |     1 |     9 ||    11
  Eat: Chunk             |     1 |    10 |     2 |     2 ||    15
       Ration            |       |       |     3 |     2 ||     5
Armor: Robe              |    14 |       |       |       ||    14
       Chain mail        |    86 |   505 |   431 |   260 ||  1282
Dodge: Dodged            |    73 |   277 |   242 |   255 ||   847
